 Dungeon Crawl Stone Soup version 0.17-a0-1793-gcbb3aa1 (webtiles) character file.

78 matakusis the Ducker (level 4, -2/34 HPs)
             Began as a Demonspawn Gladiator on Sept 9, 2015.
             Was an Initiate of Dithmenos.
             Succumbed to a gnoll's poison
             ... on level 3 of the Dungeon.
             The game lasted 00:05:34 (1864 turns).

matakusis the Ducker (Demonspawn Gladiator)         Turns: 1864, Time: 00:05:34

Health: -2/34      AC:  4    Str: 15    XL:     4   Next: 15%
Magic:  4/4        EV: 13    Int: 10    God:    Dithmenos [......]
Gold:   66         SH:  0    Dex: 14    Spells: 0 memorised, 3 levels left

rFire  . . .     SeeInvis .     a - +0 war axe
rCold  . . .     Clarity  .     b - +0 leather armour
rNeg   . . .     SustAt   .     (no shield)
rPois  .         Gourm    .     c - +0 helmet
rElec  .         Spirit   .     (no cloak)
rCorr  .         Warding  .     (no gloves)
rMut   .         Stasis   .     (no boots)
MR     .....                    (no amulet)
Stlth  +.........               (no ring)
                                (no ring)

@: lethally poisoned (-2 -> -20), not resistant to hostile enchantments, very
unstealthy
A: demonic guardian 1
a: Renounce Religion


You were on level 3 of the Dungeon.
You worshipped Dithmenos.
Dithmenos was noncommittal.
You were not hungry.

You visited 1 branch of the dungeon, and saw 3 of its levels.

You collected 66 gold pieces.

Inventory:

Hand weapons
 a - a +0 war axe (weapon)
Missiles
 d - 3 throwing nets (quivered)
Armour
 b - a +0 leather armour (worn)
 c - a +0 helmet (worn)
Scrolls
 f - 3 scrolls of identify {unknown}
 g - a scroll of magic mapping {unknown}
 h - 2 scrolls of remove curse {unknown}
 l - a scroll of fog {unknown}
 m - 2 scrolls of blinking {unknown}
 o - a scroll of teleportation {unknown}
Potions
 i - a potion of brilliance {unknown}
 j - a potion of lignification {unknown}
 k - 2 potions of curing {unknown}
 p - a potion of haste {unknown}
 q - a potion of resistance {unknown}
 s - a potion of agility {unknown}
 t - a potion of poison {unknown}
 u - a potion of mutation {unknown}
Comestibles
 e - 3 bread rations
 n - 2 meat rations
 r - 5 chunks of flesh


   Skills:
 + Level 2.4 Fighting
 + Level 2.9 Axes
 - Level 1.7 Throwing
 + Level 1.0 Armour
 * Level 3.9 Dodging


You had 3 spell levels left.
You didn't know any spells.

Dungeon Overview and Level Annotations

Branches:
Dungeon (3/15)

Altars:
Dithmenos
Gozag


Innate Abilities, Weirdness & Mutations

A weak demonic guardian rushes to your aid.


Message History

You closely miss the gnoll.
The gnoll is moderately wounded.
The gnoll closely misses you.
You slash the gnoll!
You kill the gnoll!
Dithmenos accepts your kill.
The gnoll throws a throwing net.
The throwing net barely misses you. The gnoll closely misses you. x2
Things that are here:
a club; a spear; a gnoll corpse You hit the gnoll.
The gnoll is lightly wounded.
The gnoll hits you with a flail of venom!
* * * LOW HITPOINT WARNING * * *
You are lethally poisoned!
The gnoll hits you from afar with a spear.
* * * LOW HITPOINT WARNING * * *
You hit the gnoll.
The gnoll is heavily wounded.
You die...

... #.# #....# g....
#.# #....#
.....#####.####....##
...(...............###
#.......(...#)...)(.#
#..........รท......#.#
#..........#(.....#.#
#..........###.####.#
#.........gg@5(# #.#
#..........##### #<#
#..........# ###
############


You could see 2 gnolls and a friendly quasit.

Vanquished Creatures
  2 gnolls (D:3)
  2 adders (D:2)
  An ooze (D:2)
  An orc (D:3)
  2 ball pythons
  3 giant cockroaches
  3 goblins
  3 hobgoblins
  7 bats
  3 giant geckos (D:1)
  A giant newt (D:2)
  5 kobolds
  5 rats
38 creatures vanquished.

Notes
Turn   | Place    | Note
--------------------------------------------------------------
     0 | D:1      | matakusis the Demonspawn Gladiator began the quest for the Orb.
     0 | D:1      | Reached XP level 1. HP: 16/16 MP: 1/1
   401 | D:1      | Reached skill level 3 in Dodging
   462 | D:1      | Gained mutation: A weak demonic guardian rushes to your aid. [demonic ancestry]
   462 | D:1      | Reached XP level 2. HP: 13/22 MP: 2/2
   770 | D:1      | You fall through a shaft!
   836 | D:2      | Found a shadowy altar of Dithmenos.
   848 | D:2      | Became a worshipper of Dithmenos the Shadowed
   965 | D:2      | Reached XP level 3. HP: 27/27 MP: 3/3
  1344 | D:2      | Found an opulent altar of Gozag.
  1858 | D:3      | Reached skill level 1 in Armour
  1858 | D:3      | Reached XP level 4. HP: 23/34 MP: 4/4
  1863 | D:3      | HP: 1/34 [gnoll/spear (5)]
  1864 | D:3      | Succumbed to a gnoll's poison

Vault maps used:
D:1:      dpeg_arrival_windows_large_door, minmay_liquid_box,
          serial_bayou_lagoon_a, minmay_misc_feat_ornament
D:2:      nicolae_dithmenos_shadow_blocks, grunt_gozag_statues,
          minmay_crystal_room
D:3:      minmay_misc_feat_columns

Action                   |  1- 3 |  4- 6 || total
-------------------------+-------+-------++-------
Melee: War axe           |    98 |     5 ||   103
 Stab: Sleeping          |     1 |       ||     1
  Eat: Chunk             |     3 |       ||     3
